 Dungeon Crawl Stone Soup version 0.20.0-15-g7f486f2 (webtiles) character file.

392 NoAnimeNoLife the Skirmisher (level 6, -6/45 HPs)
             Began as an Octopode Fighter on June 14, 2017.
             Mangled by a wight
             ... wielding a cursed +2 dagger of distortion
              (19 damage)
             ... on level 4 of the Dungeon.
             The game lasted 00:06:05 (3500 turns).

NoAnimeNoLife the Skirmisher (Octopode Fighter)     Turns: 3500, Time: 00:06:08

Health: -6/45      AC:  1    Str: 16    XL:     6   Next: 81%
Magic:  6/6        EV: 11    Int: 10    God:
Gold:   135        SH:  8    Dex: 13    Spells: 5/5 levels left

rFire    . . .     SeeInvis .   t - +3 mace
rCold    . . .     Gourm    .   b - +0 shield
rNeg     . . .     Faith    .   (helmet restricted)
rPois    .         Spirit   .   (no amulet)
rElec    .         Reflect  .   (no ring)
rCorr    .         Harm     .   (no ring)
MR       .....                  (no ring)
Stlth    ++........             (no ring)
Regen    0.2/turn               (no ring)
MPRegen  0.1/turn               (no ring)
                                (no ring)
                                (no ring)

@: about to teleport, drained
A: almost no armour, stealthy swim, amphibious, 8 rings, constrict 8, camouflage
1, gelatinous body 1
a: no special abilities


You were on level 4 of the Dungeon.
You were not hungry.

You visited 1 branch of the dungeon, and saw 4 of its levels.

You collected 135 gold pieces.

Inventory:

Hand Weapons
 a - a +0 flail
 t - a +3 mace (weapon)
Missiles
 j - 71 stones (quivered)
Armour
 b - a +0 shield (worn)
Scrolls
 e - a scroll of teleportation {unknown}
 f - 3 scrolls of identify {unknown}
 h - a scroll of random uselessness {unknown}
 i - a scroll of fear {unknown}
 l - a scroll of recharging {unknown}
 o - 2 scrolls of amnesia {unknown}
 q - a scroll of magic mapping {unknown}
Potions
 c - a potion of might
 g - 4 potions of lignification {unknown}
 n - 3 potions of curing {unknown}
 p - a potion of brilliance {unknown}
 r - 2 potions of cancellation {unknown}
 s - a potion of haste {unknown}
Comestibles
 d - a bread ration
 k - a meat ration
 m - 2 royal jellies


   Skills:
 + Level 5.4(4.9) Fighting
 + Level 5.2(4.7) Maces & Flails
 - Level 3.0(2.5) Dodging
 - Level 3.1(2.6) Shields


You had 5 spell levels left.
You didn't know any spells.

Dungeon Overview and Level Annotations

Branches:
Dungeon (4/15)
 Temple: D:4-7

Altars:


Innate Abilities, Weirdness & Mutations

You cannot wear most types of armour.
You are very stealthy in the water. (Stealth+)
You are amphibious.
You can wear up to eight rings at the same time.
You can use your tentacles to constrict eight enemies at once.
Your skin changes colour to match your surroundings (Stealth+).
Your rubbery body absorbs attacks. (AC +1, EV +1)


Message History

You don't know any spells.
You are feeling very hungry.
You eat one of the 3 royal jellies.
That royal jelly was delicious!
Throwing (i - inventory):
j - 71 stones (quivered)
Press: ? - help, Shift-Dir - straight line, f - wight
Aim: a wight, wielding a dagger of distortion and wearing a robe (resting)
Okay, then.
You sock the wight! You grab the wight.
The wight is heavily damaged.
You constrict the wight, but do no damage.
The wight hits you with a dagger of distortion!
You feel strangely unstable.
You hit the wight.
The wight is severely damaged.
You constrict the wight, but do no damage.
The wight hits you with a dagger of distortion.
You feel drained. Space warps horribly around you!
* * * LOW HITPOINT WARNING * * *
The wight hits you but does no damage. Space warps horribly around you!
You die...

############# #.#
#...........###.#
#............[).###
#...........#####..
......#......# .#
...##.#......# .#
.#.##.#......# .#
.#.##.##...######.##
...z..........zz@..+
.#######.#####.#####
.# #.# #(# .. #.#
#.# # #.# #.#
#.##.#####.#####.
...)[.............
########...........
#...)..............


You could see 2 wights.

Vanquished Creatures
  Sigmund (D:4)
  2 wights (D:4)
  An orc wizard (D:3)
  A worker ant (D:3)
  2 adders (D:2)
  A worm (D:2)
  A dart slug (D:1)
  2 leopard geckos
  8 orcs
  A ball python (D:4)
  4 bats
  4 giant cockroaches
  5 hobgoblins
  6 jackals
  11 kobolds
  A quokka (D:2)
  8 frilled lizards
  4 goblins
  11 rats
74 creatures vanquished.

Notes
Turn   | Place    | Note
-------+----------+-------------------------------------------
     0 | D:1      | NoAnimeNoLife the Octopode Fighter began the quest for the Orb.
     0 | D:1      | Reached XP level 1. HP: 16/16 MP: 1/1
   383 | D:1      | Reached XP level 2. HP: 8/21 MP: 2/2
  1168 | D:1      | Reached XP level 3. HP: 25/26 MP: 3/3
  2130 | D:2      | Reached XP level 4. HP: 28/33 MP: 4/4
  2959 | D:3      | Reached XP level 5. HP: 37/37 MP: 5/5
  3250 | D:4      | Noticed Sigmund
  3257 | D:4      | Killed Sigmund
  3257 | D:4      | Reached skill level 5 in Fighting
  3257 | D:4      | Reached XP level 6. HP: 41/45 MP: 6/6
  3338 | D:4      | Reached skill level 5 in Maces & Flails
  3500 | D:4      | Mangled by a wight

Skill      XL: |  1  2  3  4  5  6 |
---------------+-------------------+-----
Maces & Flails | 3 4 5 |  5.2
Fighting       | 4 5 |  5.4
Dodging        | |  3.0
Shields        | |  3.1

Action                   |  1- 3 |  4- 6 || total
-------------------------+-------+-------++-------
Melee: Flail             |    68 |    71 ||   139
       Constrict         |    23 |    27 ||    50
       Tentacles         |    13 |     9 ||    22
       Mace              |       |     7 ||     7
Throw: Stone             |     2 |     8 ||    10
 Stab: Sleeping          |     6 |       ||     6
  Eat: Chunk             |     3 |     4 ||     7
       Royal jelly       |       |     1 ||     1
Armor: Skin              |     2 |     2 ||     4
Dodge: Dodged            |    24 |    26 ||    50
Block: Shield            |    22 |    27 ||    49
